 Dungeon Crawl Stone Soup version 0.29-a0-72-g1732ff48e7 (webtiles) character file.

Game seed: 7862926266924019272

11130 diecastcamel the Cleaver (level 11, -1/95 HPs)
             Began as a Minotaur Berserker on Feb 2, 2022.
             Was an Elder of Trog.
             Shot with an arrow by a centaur warrior (13 damage)
             ... on level 9 of the Dungeon on Feb 3, 2022.
             The game lasted 01:31:42 (11966 turns).

diecastcamel the Cleaver (Minotaur Berserker)      Turns: 11966, Time: 01:31:43

Health: -1/95      AC: 24    Str: 24    XL:     11   Next: 45%
Magic:  10/10      EV:  9    Int: 11    God:    Trog [****..]
Gold:   164        SH: 10    Dex:  8    Spells: 10/10 levels left

rFire   + + .      SeeInvis +   d - +0 broad axe
rCold   . . .      Faith    .   w - +0 kite shield
rNeg    + . .      Spirit   .   a - +8 chain mail of the Meadowlark {rF++ Int+7 Dex-4}
rPois   .          Reflect  .   H - +0 mask of the Dragon {Will+ Slay+3 SInv}
rElec   .          Harm     .   g - +0 cloak
rCorr   .          Rampage  .   c - +1 pair of gloves
Will    +....                   k - +0 pair of boots
Stlth   ..........              (no amulet)
HPRegen 0.25/turn               v - ring of positive energy
MPRegen 0.12/turn               z - ring of flight

@: flying
A: horns 2, retaliatory headbutt
a: Renounce Religion, Berserk, Trog's Hand, Brothers in Arms


You were on level 9 of the Dungeon.
You worshipped Trog.
Trog was greatly pleased with you.
You visited 1 branch of the dungeon, and saw 9 of its levels.

You collected 596 gold pieces.
You spent 432 gold pieces at shops.

Inventory:

Hand Weapons
 d - a +0 broad axe (weapon)
 u - a +2 whip of electrocution
 y - a +4 vampiric spear
 J - a +0 hand axe of freezing
Missiles
 h - 250 stones
 o - 26 poisoned darts (quivered)
 K - 2 throwing nets
Armour
 a - the +8 chain mail of the Meadowlark (worn) {rF++ Int+7 Dex-4}
   (You found it on level 4 of the Dungeon)

   Int:       It affects your intelligence (+7).
   Dex:       It affects your dexterity (-4).
   rF:        It greatly protects you from fire.
 c - a +1 pair of gloves (worn)
 g - a +0 cloak (worn)
 k - a +0 pair of boots (worn)
 w - a +0 kite shield (worn)
 D - a +0 plate armour
 H - the +0 mask of the Dragon (worn) {Will+ Slay+3 SInv}
   (You found it on level 7 of the Dungeon)

   Slay:      It affects your accuracy & damage with ranged weapons and melee
   (+3).
   SInv:      It lets you see invisible.
   Will:      It increases your willpower.
Jewellery
 v - a ring of positive energy (left hand)
 z - a ring of flight (right hand)
 F - an amulet of magic regeneration
Wands
 l - a wand of flame (5)
 m - a wand of acid (1)
 q - a wand of digging (6)
 s - a wand of charming (7)
 A - a wand of iceblast (4)
 I - a wand of paralysis (1)
Scrolls
 b - a scroll of holy word
 i - 6 scrolls of teleportation
 j - 2 scrolls of enchant armour
 t - 2 scrolls of enchant weapon
Potions
 e - a potion of magic
 f - a potion of might
 n - a potion of haste
 p - 4 potions of lignification
 r - a potion of mutation
 x - 2 potions of berserk rage
 B - 3 potions of curing
 C - 2 potions of cancellation
 E - a potion of attraction {unknown}
 G - 3 potions of heal wounds {unknown}


   Skills:
 + Level 8.9 Fighting
 + Level 12.7 Axes
 + Level 8.4 Armour
 + Level 7.8 Dodging
 + Level 9.3 Shields
 - Level 5.0 Evocations


You had 10 spell levels left.
You didn't know any spells.
Your spell library was empty.

Dungeon Overview and Level Annotations

Branches:
Dungeon (9/15)             Temple (0/1) D:6
   Lair: D:8-11         Orc: D:9-12

Altars:
Ashenzari
Cheibriados
Fedhas
Hepliaklqana
Kikubaaqudgha
Makhleb
Nemelex Xobeh
Okawaru
Qazlal
Ru
Xom

Shops:
D:5 *


Innate Abilities, Weirdness & Mutations

You have a pair of horns on your head.
You reflexively headbutt those who attack you in melee.


Message History

You barely miss the shadow. You block the shadow's attack.
You block the wraith's attack.
You slash the wraith!
You destroy the wraith!
Trog accepts your kill.
You slash the shadow!
You destroy the shadow!
Trog accepts your kill.
No target in view!
As you open the door, it creaks loudly!
A bullfrog comes into view.
The bullfrog gives a loud, deep croak!
You block the bullfrog's attack.
You slash the bullfrog! You headbutt the bullfrog!
You kill the bullfrog!
Trog accepts your kill.
No target in view!
There is an open door, spattered with blood here.
You see here a bullfrog corpse.
You reach down and open the door.
There is an open door here.
You now have 164 gold pieces (gained 12).
A centaur warrior comes into view.
The centaur warrior shouts!
You hear a shout! x2
The centaur warrior wields a +0 longbow.
The centaur warrior shoots an arrow.
The arrow closely misses you.
An orc warrior comes into view. It is wielding a +3 halberd.
The centaur warrior shoots an arrow.
You block the arrow.
The centaur warrior shoots an arrow.
You block the arrow.
The centaur warrior shoots an arrow.
The arrow hits you.
The centaur warrior shoots an arrow.
The arrow hits you!
The centaur warrior shoots an arrow.
The arrow hits you!
The centaur warrior shoots an arrow.
The arrow hits you.
The centaur warrior shoots an arrow.
The arrow hits you!
The centaur warrior shoots an arrow.
The arrow hits you!
The centaur warrior shoots an arrow.
You block the arrow.
The centaur warrior shoots an arrow.
The arrow hits you!!
* * * LOW HITPOINT WARNING * * *
The centaur warrior shoots an arrow.
The arrow hits you!
You die...

..........# #....#
..#####...## #....# ..#
#....# #....# ..# #....#
#....# ..# #..[.# #....#
..# #....######....####
..#####..........<......#
........................#
....!...........@.......#
........................#
........................#
..########..######......#
..+ #..# #......# ..#
#..# #.oc...# ### #######
#......# o.o..# #c..####
#.#.#c#.###...#


You could see a centaur warrior and an orc warrior.

Vanquished Creatures
  Harold (D:9)
  2 hydras
  A centaur warrior (D:7)
  A deep elf pyromancer (D:9)
  Pikel (D:6)
  Maurice (D:9)
  Joseph (D:8)
  The ghost of HallandMoats the Skirmisher, a novice GrFi of Xom (D:5)
  2 kobold demonologists
  2 hornets (D:7)
  A shadow (D:9)
  A wraith (D:9)
  4 yaks (D:8)
  Menkaure (D:7)
  An acid dragon (D:9)
  Duvessa (D:4)
  4 water moccasins
  2 orc warriors
  3 black bears
  A sky beast (D:6)
  5 ice beasts
  3 ogres
  2 centaurs
  A phantom (D:4)
  3 kobold brigands
  5 bullfrogs
  2 gnoll sergeants (D:6)
  A wyvern zombie (D:8)
  2 water moccasin zombies
  3 scorpions
  Dowan (D:4)
  3 killer bees (D:7)
  7 wights
  A howler monkey (D:5)
  A crimson imp (D:4)
  3 centaur zombies
  5 jellies
  2 centaur skeletons (D:7)
  2 orc priests (D:3)
  4 bullfrog skeletons
  4 hounds (D:5)
  5 iguanas
  Jessica (D:2)
  5 orc wizards
  7 gnolls
  3 howler monkey skeletons
  4 adders
  A shadow imp (D:6)
  4 white imps
  An adder skeleton (D:4)
  3 worms
  8 dart slugs
  29 orcs
  10 endoplasms
  6 giant cockroaches
  12 goblins
  7 hobgoblins
  6 jackals
  3 quokkas
  5 ball pythons
  3 bats
  5 frilled lizards
  17 kobolds
  4 rats (D:2)
241 creatures vanquished.

Vanquished Creatures (collateral kills)
  An ogre (D:6)
  A howler monkey (D:6)
2 creatures vanquished.

Vanquished Creatures (others)
  A centaur zombie (D:9)
  6 plants
7 creatures vanquished.

Grand Total: 250 creatures vanquished

Notes
Turn   | Place    | Note
-------+----------+-------------------------------------------
     0 | D:1      | diecastcamel the Minotaur Berserker began the quest for the
                  | Orb.
     0 | D:1      | Reached XP level 1. HP: 19/19 MP: 0/0
   122 | D:1      | Reached skill level 4 in Axes
   122 | D:1      | Reached XP level 2. HP: 22/27 MP: 1/1
   694 | D:1      | Reached ** piety under Trog
   813 | D:1      | Reached XP level 3. HP: 29/33 MP: 2/2
  1648 | D:2      | Found a faded altar of an unknown god.
  1814 | D:2      | Reached skill level 5 in Axes
  1814 | D:2      | Reached XP level 4. HP: 40/40 MP: 3/3
  1820 | D:2      | Noticed Jessica
  1829 | D:2      | Killed Jessica
  2003 | D:3      | Reached *** piety under Trog
  2094 | D:3      | Noticed a fire elemental
  2095 | D:3      | Found a stormy altar of Qazlal.
  2100 | D:3      | Noticed an air elemental
  2107 | D:3      | Noticed an earth elemental
  2111 | D:3      | Noticed a water elemental
  2253 | D:3      | Reached XP level 5. HP: 34/47 MP: 4/4
  2485 | D:3      | Found a snail-covered altar of Cheibriados.
  2701 | D:3      | Found a hazy altar of Hepliaklqana.
  2897 | D:4      | Noticed Duvessa
  2897 | D:4      | Noticed Dowan
  3033 | D:4      | Found a sacrificial altar of Ru.
  3164 | D:4      | Found a sparkling altar of Nemelex Xobeh.
  3171 | D:4      | Found a blossoming altar of Fedhas.
  3200 | D:4      | Identified the +8 chain mail of the Meadowlark {rF++ Int+7
                  | Dex-4}
  3218 | D:4      | Killed Dowan
  3219 | D:4      | Reached skill level 6 in Axes
  3219 | D:4      | Reached XP level 6. HP: 55/55 MP: 5/5
  3243 | D:4      | Killed Duvessa
  3244 | D:4      | Reached skill level 5 in Fighting
  3428 | D:4      | Found a burning altar of Makhleb.
  3428 | D:4      | Found a shimmering altar of Xom.
  3456 | D:4      | Found an iron altar of Okawaru.
  3565 | D:4      | Reached XP level 7. HP: 61/61 MP: 6/6
  3650 | D:4      | Reached skill level 7 in Axes
  3894 | D:5      | Entered Level 5 of the Dungeon
  4024 | D:5      | Found Etohuafy's Assorted Antiques.
  4051 | D:5      | Reached skill level 5 in Armour
  4094 | D:5      | Found a large runed translucent door.
  4094 | D:5      | Found a large runed translucent door.
  4171 | D:5      | Reached skill level 8 in Axes
  4178 | D:5      | Reached skill level 1 in Evocations
  4290 | D:5      | Reached XP level 8. HP: 57/70 MP: 7/7
  4576 | D:5      | Bought a kite shield for 144 gold pieces
  4592 | D:5      | Noticed HallandMoats's ghost (novice GrFi)
  4915 | D:5      | Upgraded the game from 0.29-a0-43-g62a80824bf to
                  | 0.29-a0-72-g1732ff48e7
  5035 | D:5      | Reached **** piety under Trog
  5067 | D:5      | Reached skill level 5 in Evocations
  5174 | D:5      | Reached skill level 9 in Axes
  5201 | D:5      | Killed HallandMoats's ghost
  5202 | D:5      | Reached XP level 9. HP: 75/75 MP: 8/8
  5297 | D:6      | Reached skill level 10 in Axes
  5350 | D:6      | Found a staircase to the Ecumenical Temple.
  5385 | D:6      | Noticed an eight-headed hydra
  5395 | D:5      | Reached skill level 1 in Shields
  5434 | D:6      | Noticed Pikel
  5482 | D:6      | Killed Pikel
  5486 | D:6      | Noticed a kobold demonologist
  5588 | D:6      | Killed a kobold demonologist
  5589 | D:6      | Reached skill level 5 in Dodging
  6556 | D:5      | Reached XP level 10. HP: 84/84 MP: 9/9
  6780 | D:6      | Found an ancient bone altar of Kikubaaqudgha.
  7367 | D:7      | Found a broken altar of Ashenzari.
  7390 | D:7      | Paralysed by a hornet for 1 turns
  7561 | D:7      | Reached ***** piety under Trog
  7751 | D:5      | Bought a tourmaline ring for 160 gold pieces
  7790 | D:7      | Noticed Menkaure
  7794 | D:7      | Killed Menkaure
  8449 | D:5      | Killed an eight-headed hydra
  8449 | D:5      | Received a gift from Trog
  8450 | D:5      | Reached skill level 11 in Axes
  8771 | D:7      | Noticed a centaur warrior
  8774 | D:7      | Noticed a six-headed hydra
  9112 | D:8      | Noticed Joseph
  9137 | D:8      | Killed Joseph
  9480 | D:8      | Reached skill level 12 in Axes
 10475 | D:7      | Killed a centaur warrior
 10476 | D:7      | Reached XP level 11. HP: 94/94 MP: 10/10
 10537 | D:7      | Killed a six-headed hydra
 10643 | D:7      | Found the +0 mask of the Dragon {Will+ Slay+3 SInv}
 10796 | D:5      | Bought a sharpened gold wand for 128 gold pieces
 11019 | D:9      | Noticed a deep elf pyromancer
 11030 | D:9      | Killed a deep elf pyromancer
 11103 | D:9      | Noticed Maurice
 11124 | D:9      | Killed Maurice
 11666 | D:9      | Noticed Harold
 11682 | D:9      | Killed Harold
 11951 | D:9      | Noticed a centaur warrior
 11966 | D:9      | Shot with an arrow by a centaur warrior

Illustrated notes

Levels and vault maps discovered:
D:1:      lightli_arrival_statue_moat, layout_rooms, serial_curves,
          eino_curves_04, eino_curves_01
D:2:      layout_loops_cross, basic_ecumenical_altar, kennysheep_generic_room_9,
          uniq_jessica
D:3:      layout_rooms, nicolae_qazlal_style_of_elements, slow_altar_1,
          mainiacjoe_overflow_alcove_2
D:4:      layout_gridville, grunt_temple_overflow_champion_of_chaos,
          mainiacjoe_overflow_24_doors, mainiacjoe_overflow_cross_hatched,
          amethyst_overflow_temple_binary, uniq_duvessa
D:5:      minmay_chambers_of_threes, layout_rooms, ebering_ghost_disaster_area,
          serial_shops, nicolae_shop_overgrown_old_shop
D:6:      cheibrodos_fzero, layout_cave_pools,
          mainiacjoe_overflow_six_doors_small,
          minmay_temple_entry_gardened_gates, uniq_pikel
D:7:      nzn_winding_woodlands_medium [nzn_winding_woodlands_5x5_checkerboard,
          nzn_winding_woodlands_5x15_concentric,
          nzn_winding_woodlands_5x5_three, nzn_winding_woodlands_5x5_default,
          nzn_winding_woodlands_center_diamonds,
          nzn_winding_woodlands_5x5_closed_star,
          nzn_winding_woodlands_5x5_open_star, nzn_winding_woodlands_5x15_eye,
          nzn_winding_woodlands_5x5_perimeter], layout_loops_cross,
          evilmike_ruin_ashenzari, uniq_menkaure
D:8:      layout_layer_cave, uniq_joseph
D:9:      layout_irregular_city, hangedman_minor_gate_pass, uniq_harold,
          uniq_maurice

Skill      XL: |  1  2  3  4  5  6  7  8  9 10 11 |
---------------+----------------------------------+-----
Axes           | 4 5 6 8 9 10 12 | 12.7
Fighting       | 4 5 6 8 |  8.9
Armour         | 3 4 5 6 7 8 |  8.4
Dodging        | 3 4 5 7 |  7.8
Evocations     | 1 5 |  5.0
Shields        | 7 8 9 |  9.3

Action                   |  1- 3 |  4- 6 |  7- 9 | 10-12 || total
-------------------------+-------+-------+-------+-------++-------
Melee: Hand axe          |    12 |       |       |       ||    12
       Whip              |   119 |    26 |   101 |     7 ||   253
       Headbutt          |    15 |    15 |    62 |    71 ||   163
       Dagger            |       |    84 |    43 |       ||   127
       Punch             |       |     1 |       |       ||     1
       War axe           |       |       |   151 |       ||   151
       Spear             |       |       |       |   271 ||   271
       Broad axe         |       |       |       |    85 ||    85
Throw: Stone             |       |     4 |     2 |       ||     6
       Dart              |       |       |     8 |     8 ||    16
Invok: Berserk           |       |     3 |     3 |     6 ||    12
       Trog's Hand       |       |     2 |     1 |     3 ||     6
Evoke: Wand              |       |       |     1 |    10 ||    11
  Use: Scroll            |     1 |     5 |     9 |     6 ||    21
       Potion            |       |       |       |     1 ||     1
 Stab: Distracted        |       |       |       |     1 ||     1
Armor: Animal skin       |    10 |       |       |       ||    10
       Scale mail        |    34 |    38 |       |       ||    72
       Chain mail        |       |    11 |   205 |   187 ||   403
Dodge: Dodged            |    61 |    55 |    99 |    63 ||   278
Block: Kite shield       |       |       |    94 |   150 ||   244

Table legend: (Time is in decaauts)
 A = Elapsed time spent in this place.
 B = Non-inter-level travel time spent in this place.
 C = Inter-level travel time spent in this place.
 D = Time resting spent in this place.
 E = Time spent auto-exploring this place.
 F = Levels seen in this place.
 G = Mean time per level.
                   A        B        C        D        E       F      G
               +--------+--------+--------+--------+--------+-----+--------+
         Total |  12079 |  10498 |   1581 |   3669 |   4457 |   9 | 1342.1 |
       Dungeon |  12079 |  10498 |   1581 |   3669 |   4457 |   9 | 1342.1 |
               +--------+--------+--------+--------+--------+-----+--------+

Top non-repeatable levels by time:
     D:5: 2687 daAuts
     D:7: 1737 daAuts
     D:8: 1454 daAuts
     D:9: 1151 daAuts
     D:3: 1091 daAuts
     D:6: 1076 daAuts
     D:1: 1041 daAuts
     D:4: 933 daAuts
     D:2: 905 daAuts
